 Dungeon Crawl Stone Soup version 0.29-a0-813-g4a14ea37d6 (webtiles) character file.

Game seed: 1423929954821209590

78 nicolae the Changer (level 4, -1/42 HPs)
             Began as an Octopode Transmuter on July 5, 2022.
             Succumbed to a goblin's poison
             ... on level 2 of the Dungeon.
             The game lasted 00:03:47 (2139 turns).

nicolae the Changer (Octopode Transmuter)           Turns: 2139, Time: 00:03:47

Health: -1/42      AC: 22    Str:  9    XL:     4   Next: 36%
Magic:  6/7        EV:  2    Int: 17    God:
Gold:   121        SH:  0    Dex: 12    Spells: 4/7 levels left

rFire   . . .      SeeInvis .     - Unarmed
rCold   + . .      Faith    .   (no shield)
rNeg    . . .      Spirit   .   (helmet currently unavailable)
rPois   +          Reflect  .   (no amulet)
rElec   .          Harm     .   f - ring of protection from cold
rCorr   .          Rampage  .   (no ring)
Will    .....      NoTele   +   (no ring)
Stlth   +.........              (no ring)
HPRegen 0.14/turn               (no ring)
MPRegen 0.10/turn               (no ring)
                                (no ring)
                                (no ring)

@: lethally poisoned (-1 -> -14), tree-form, wereblooded (expiring)
A: stationary, stasis, torment immunity, boosted hp, almost no armour,
(amphibious), 8 rings, (camouflage 1), (gelatinous body 1), (nimble swimmer 1),
(tentacles)
a: no special abilities


You were on level 2 of the Dungeon.
You were a tree.
You visited 1 branch of the dungeon, and saw 2 of its levels.

You collected 121 gold pieces.

Inventory:

Missiles
 d - 8 poisoned darts
Jewellery
 f - a ring of protection from cold (left branch)
Scrolls
 b - 2 scrolls of fear {unknown}
 g - a scroll of teleportation {unknown}
 j - a scroll of blinking {unknown}
Potions
 c - a potion of brilliance
 e - a potion of resistance
 i - a potion of mutation {unknown}
 k - 2 potions of attraction
 l - 2 potions of ambrosia
 m - a potion of magic {unknown}


   Skills:
 - Level 1.0 Fighting
 - Level 2.0 Dodging
 - Level 3.0 Unarmed Combat
 - Level 2.0 Spellcasting
 + Level 4.5 Transmutations


You had 4 spell levels left.
You knew the following spells:

 Your Spells              Type           Power      Damage    Failure   Level
a - Beastly Appendage     Tmut           34%        N/A       3%          1
b - Wereblood             Tmut           17%        N/A       4%          2

Your spell library contained the following spells:

 Spells                   Type           Power      Damage    Failure   Level
 Spider Form              Tmut/Pois      9%         N/A       22%         3
 Ice Form                 Ice/Tmut       9%         N/A       58%         4


Dungeon Overview and Level Annotations

Branches:
Dungeon (2/15)

Altars:

Annotations:
D:2 Robin


Innate Abilities, Weirdness & Mutations

You are a tree.
Your roots penetrate the ground, keeping you stationary.
You cannot be teleported.
You are immune to unholy pain and torment.
Your maximum health is greatly increased.
You cannot wear most types of armour.
((You are amphibious.))
You can wear up to eight rings at the same time.
((Your skin changes colour to match your surroundings (Stealth+).))
((Your rubbery body absorbs attacks. (AC +1, EV +1)))
((You are camouflaged when in or above water. (Stealth+)))
((You have tentacles for arms and can constrict up to eight enemies at once.))


Message History

The goblin wields a +2 dagger of venom.
It begins to drip with poison!
The goblin hits you with a +2 dagger of venom.
You are poisoned.
The goblin unwields a +0 sling.
The goblin wields a +0 club.
The goblin closely misses you.
The goblin unwields a +0 sling.
The goblin wields a +0 dagger.
The goblin hits you with a +0 dagger.
Items here: )))) ††.
You barely miss the goblin. You grab the goblin.
Your squeeze misses the goblin. You constrict the goblin.
You feel sick.
The goblin no longer looks unusually strong.
Robin roars a battlecry!
The goblins go into a battle-frenzy!
The goblin hits you with a +2 dagger of venom!
* * * LOW HITPOINT WARNING * * *
You are lethally poisoned!
The goblin closely misses you. The goblin hits you with a +0 dagger.
* * * LOW HITPOINT WARNING * * *
Really quaff the potion of lignification?
You turn into a tree.
Your roots penetrate the ground.
You lose your grip on the goblin.
* * * LOW HITPOINT WARNING * * *
You feel very sick.
The goblin no longer looks unusually strong.
Robin roars a battlecry!
The goblin goes into a battle-frenzy!
The goblin hits you but does no damage. x2
You are too injured to fight recklessly!
You are too injured to fight recklessly!
You are too injured to fight recklessly!
You are too injured to fight recklessly!
You are too injured to fight recklessly!
You closely miss the goblin.
The goblin is moderately wounded.
Your primal bloodlust is almost over.
* * * LOW HITPOINT WARNING * * *
You feel very sick. The goblin barely misses you.
The goblin hits you but does no damage. The goblin barely misses you.
You barely miss the goblin.
You die...

..##......# ..###.....#
..# #.....# #####.....#
..........# .....#.####
.....#+#####
...........#############
...............g♣gg.....
...........######gg.....
.....###.### g......
.......#.## .......
.......#..# .......
.......##.# .......
.......##.## .......
.......##..# .......
.......###.#


You could see Robin, a hobgoblin (strong) and 4 goblins.

Vanquished Creatures
  4 adders (D:2)
  A bat (D:2)
  9 goblins
  7 hobgoblins
  3 jackals (D:1)
  A quokka (D:1)
  7 ball pythons
  2 frilled lizards (D:2)
  A rat (D:1)
35 creatures vanquished.

Vanquished Creatures (others)
  A goblin (D:2)
1 creature vanquished.

Grand Total: 36 creatures vanquished

Notes
Turn   | Place    | Note
-------+----------+-------------------------------------------
     0 | D:1      | nicolae the Octopode Transmuter began the quest for the
                  | Orb.
     0 | D:1      | Reached XP level 1. HP: 13/13 MP: 3/3
   431 | D:1      | Reached XP level 2. HP: 16/18 MP: 3/5
   436 | D:1      | Learned a level 2 spell: Wereblood
   509 | D:1      | Found a faded altar of an unknown god.
   730 | D:1      | Reached skill level 3 in Transmutations
  1209 | D:2      | Reached XP level 3. HP: 10/23 MP: 4/6
  1946 | D:2      | Reached skill level 4 in Transmutations
  2023 | D:2      | Reached XP level 4. HP: 28/28 MP: 5/7
  2117 | D:2      | Noticed Robin
  2138 | D:2      | HP: 2/42 [poisoned by a goblin]
  2139 | D:2      | Succumbed to a goblin's poison

Illustrated notes

Levels and vault maps discovered:
D:1:      lightli_arrival_statue_moat, layout_loops_ring,
          ebering_ecumenical_altar_rust
D:2:      layout_basic, uniq_robin

Skill      XL: |  1  2  3 |
---------------+----------+-----
Transmutations | 3 4 |  4.5
Fighting       | |  1.0
Dodging        | |  2.0
Unarmed Combat | |  3.0
Spellcasting   | |  2.0

Action                   |  1- 3 |  4- 6 || total
-------------------------+-------+-------++-------
Melee: Unarmed           |    64 |    16 ||    80
       Constrict         |    18 |     5 ||    23
       Tentacles         |     9 |     2 ||    11
       Kick              |    14 |     1 ||    15
       Punch             |     3 |       ||     3
 Cast: Beastly Appendage |    19 |     2 ||    21
       Wereblood         |     1 |     1 ||     2
  Use: Scroll            |     4 |     1 ||     5
       Potion            |       |     2 ||     2
 Stab: Sleeping          |     3 |       ||     3
Armor: Skin              |     2 |     3 ||     5
Dodge: Dodged            |    48 |    18 ||    66

Table legend: (Time is in decaauts)
 A = Elapsed time spent in this place.
 B = Non-inter-level travel time spent in this place.
 C = Inter-level travel time spent in this place.
 D = Time resting spent in this place.
 E = Time spent auto-exploring this place.
 F = Levels seen in this place.
 G = Mean time per level.
                   A        B        C        D        E       F      G
               +--------+--------+--------+--------+--------+-----+--------+
         Total |   2133 |   2088 |     45 |    492 |   1362 |   2 | 1066.5 |
       Dungeon |   2133 |   2088 |     45 |    492 |   1362 |   2 | 1066.5 |
               +--------+--------+--------+--------+--------+-----+--------+

Top non-repeatable levels by time:
     D:2: 1080 daAuts
     D:1: 1053 daAuts
